 Dungeon Crawl Stone Soup version 0.28-a0-519-gbfeecf2fc5 (webtiles) character file.

Game seed: 6965950529485006930

61 serber55 the Slasher (level 3, -3/28 HPs)
             Began as a Demonspawn Gladiator on Sept 23, 2021.
             Slain by a gnoll shaman (9 damage)
             ... on level 1 of the Dungeon.
             The game lasted 00:06:59 (953 turns).

serber55 the Slasher (Demonspawn Gladiator)          Turns: 953, Time: 00:07:00

Health: -3/28      AC:  4    Str: 14    XL:     3   Next: 83%
Magic:  3/3        EV: 16    Int:  9    God:
Gold:   2          SH:  0    Dex: 15    Spells: 2/2 levels left

rFire   . . .      SeeInvis .   a - +0 long sword
rCold   . . .      Faith    .   (no shield)
rNeg    . . .      Spirit   .   b - +0 leather armour
rPois   .          Reflect  .   c - +0 helmet
rElec   .          Harm     .   (no cloak)
rCorr   .          Rampage  .   (no gloves)
Will    .....                   (no boots)
Stlth   +.........              h - amulet of regeneration
HPRegen 1.09/turn               e - +4 ring of evasion
MPRegen 0.16/turn               (no ring)

@: mighty, lit by a corona, glowing
A: powered by pain 1, magic regeneration
a: no special abilities


You were on level 1 of the Dungeon.
You visited 1 branch of the dungeon, and saw 2 of its levels.

You collected 42 gold pieces.
You spent 40 gold pieces at shops.

Inventory:

Hand Weapons
 a - a +0 long sword (weapon)
Missiles
 d - 4 throwing nets (quivered)
Armour
 b - a +0 leather armour (worn)
 c - a +0 helmet (worn)
Jewellery
 e - a +4 ring of evasion (left hand)
 h - an amulet of regeneration (around neck)
Scrolls
 g - a scroll of enchant weapon {unknown}
 i - a scroll of fear {unknown}


   Skills:
 + Level 2.6 Fighting
 * Level 3.6 Long Blades
 - Level 1.7 Throwing
 + Level 3.1 Dodging


You had 2 spell levels left.
You didn't know any spells.
Your spell library was empty.

Dungeon Overview and Level Annotations

Branches:
Dungeon (2/15)

Altars:
Vehumet

Shops:
D:1 *   D:2 ?

Annotations:
D:2 Sigmund


Innate Abilities, Weirdness & Mutations

You sometimes gain a little power by taking damage.
You regenerate magic rapidly.


Message History

You start resting.
HP restored.
You climb downwards.
Level annotation: Sigmund The gnoll hits you with a +0 flail!
There is a stone staircase leading up here.
You slash the gnoll!
The gnoll is almost dead.
The gnoll barely misses you. The gnoll misses you.
You closely miss the gnoll.
The gnoll is almost dead.
The gnoll barely misses you.
You hit the gnoll.
You kill the gnoll!
The gnoll shaman calls down the wrath of its god upon you.
You are outlined in light.
You climb upwards.
There is a stone staircase leading down, spattered with blood here.
You start resting.
HP restored.
You climb downwards.
Level annotation: Sigmund
There is a stone staircase leading up here.
Sigmund shouts!
Sigmund casts a spell at you. The puff of flame hits you!
The gnoll shaman misses you. Sigmund casts a spell at you.
The puff of flame hits you!
You focus on the pain.
You feel mightier all of a sudden.
There is a stone staircase leading up here.
Sigmund zaps a wand.
You resist with significant effort. The gnoll shaman completely misses you.
You climb upwards.
There is a stone staircase leading down, spattered with blood here.
You hit the gnoll shaman.
The gnoll shaman is lightly wounded.
The gnoll shaman hits you with a +1 whip of electrocution!
* * * LOW HITPOINT WARNING * * *
You are electrocuted!
You die...

#.....................##..(
#...#...#.............##...
#............#........##...
###..........#........##...
###..........#........#....
#........###.......####....
#................#.# #....
#...#.....))######.####....
#...#.....@................
#...#......g##........##.##
########...###.........#..#
#........#.#...........##.#
#.............##.#...#.##.#
#..........................
#.............####.#.#.....
#.............####.#.#.....
#..................#.##.#..


You could see a gnoll shaman.

Vanquished Creatures
  4 gnolls
  A dart slug (D:1)
  3 ball pythons
  2 endoplasms (D:1)
  A giant cockroach (D:2)
  3 hobgoblins
  A quokka (D:2)
  3 bats
  2 frilled lizards (D:1)
  A kobold (D:1)
  2 rats (D:1)
23 creatures vanquished.

Notes
Turn   | Place    | Note
-------+----------+-------------------------------------------
     0 | D:1      | serber55 the Demonspawn Gladiator began the quest for the
                  | Orb.
     0 | D:1      | Reached XP level 1. HP: 16/16 MP: 1/1
   235 | D:1      | Found Baev's General Store.
   241 | D:1      | Gained mutation: You regenerate magic rapidly. [demonic
                  | ancestry]
   241 | D:1      | Reached XP level 2. HP: 20/22 MP: 2/2
   258 | D:1      | Bought a potion of degeneration for 12 gold pieces
   487 | D:2      | Noticed Sigmund
   566 | D:2      | Found Wegon's Magic Scroll Emporium.
   693 | D:2      | Gained mutation: You sometimes gain a little power by
                  | taking damage. [demonic ancestry]
   693 | D:2      | Reached XP level 3. HP: 28/28 MP: 3/3
   842 | D:2      | Bought a scroll of identify for 28 gold pieces
   862 | D:2      | Found a radiant altar of Vehumet.
   953 | D:1      | Slain by a gnoll shaman

Illustrated notes

Levels and vault maps discovered:
D:1:      dpeg_arrival_pits, layout_basic, serial_shops, shop
D:2:      layout_rooms, basic_altar, serial_shops, nicolae_shop_statue_plus,
          uniq_sigmund

Skill      XL: |  1  2 |
---------------+-------+-----
Long Blades    | 3 |  3.6
Dodging        | 3 |  3.1
Fighting       | |  2.6
Throwing       | |  1.7

Action                   || total
-------------------------++-------
Melee: Long sword        ||    75
  Use: Potion            ||     2
       Scroll            ||     1
Armor: Leather armour    ||    25
Dodge: Dodged            ||    64

Table legend: (Time is in decaauts)
 A = Elapsed time spent in this place.
 B = Non-inter-level travel time spent in this place.
 C = Inter-level travel time spent in this place.
 D = Time resting spent in this place.
 E = Time spent auto-exploring this place.
 F = Levels seen in this place.
 G = Mean time per level.
                   A        B        C        D        E       F      G
               +--------+--------+--------+--------+--------+-----+--------+
         Total |    975 |    824 |    151 |     29 |    454 |   2 |  487.5 |
       Dungeon |    975 |    824 |    151 |     29 |    454 |   2 |  487.5 |
               +--------+--------+--------+--------+--------+-----+--------+

Top non-repeatable levels by time:
     D:1: 666 daAuts
     D:2: 308 daAuts
